 Dungeon Crawl Stone Soup version 0.22.1-1-ga44c0e56f4 (webtiles) character file.

119 JOKERXD40 the Chopper (level 4, -1/41 HPs)
             Began as a Minotaur Berserker on Nov 10, 2018.
             Was a Believer of Trog.
             Slain by an iguana (6 damage)
             ... on level 2 of the Dungeon.
             The game lasted 00:04:05 (945 turns).

JOKERXD40 the Chopper (Minotaur Berserker)           Turns: 945, Time: 00:04:06

Health: -1/41      AC: 11    Str: 23    XL:     4   Next: 73%
Magic:  0/3        EV:  7    Int:  4    God:    Trog [**....]
Gold:   72         SH:  0    Dex:  9    Spells: 3/3 levels left

rFire    + . .     SeeInvis .   a - +0 hand axe
rCold    x . .     Gourm    .   (no shield)
rNeg     . . .     Faith    .   p - +0 plate armour
rPois    .         Spirit   +   (helmet restricted)
rElec    .         Reflect  .   (no cloak)
rCorr    .         Harm     .   (no gloves)
MR       .....                  (no boots)
Stlth    ..........             o - amulet of guardian spirit
HPRegen  0.13/turn              m - ring of fire
MPRegen  0.08/turn              (no ring)

@: no status effects
A: retaliatory headbutt, horns 2
a: Berserk, Trog's Hand, Renounce Religion


You were on level 2 of the Dungeon.
You worshipped Trog.
Trog was pleased with you.
You were not hungry.

You visited 1 branch of the dungeon, and saw 2 of its levels.

You collected 72 gold pieces.

Inventory:

Hand Weapons
 a - a +0 hand axe (weapon)
Missiles
 f - 70 stones (quivered)
 l - 2 exploding tomahawks
Armour
 p - a +0 plate armour (worn)
Jewellery
 m - a ring of fire (left hand)
 o - an amulet of guardian spirit (around neck)
Scrolls
 b - a scroll of magic mapping {unknown}
 d - 2 scrolls of identify
 i - a scroll of teleportation {unknown}
 j - a scroll of enchant armour {unknown}
 k - a scroll of amnesia {unknown}
Potions
 e - a potion of curing {unknown}
 g - 2 potions of flight {unknown}
 h - a potion of might {unknown}
Comestibles
 c - 3 rations
 n - a chunk of flesh


   Skills:
 + Level 4.8 Fighting
 + Level 5.1 Axes
 + Level 0.3 Throwing
 + Level 3.1 Armour
 + Level 2.6 Dodging


You had 3 spell levels left.
You didn't know any spells.
Your spell library was empty.

Dungeon Overview and Level Annotations

Branches:
Dungeon (2/15)

Altars:


Innate Abilities, Weirdness & Mutations

You reflexively headbutt those who attack you in melee.
You have a pair of horns on your head.


Message History

The iguana is severely wounded.
The iguana bites you!
* * * LOW HITPOINT WARNING * * *
Your plate armour prevents you from hitting the iguana.
You headbutt the iguana.
The iguana is severely wounded.
The iguana bites you.
* * * LOW HITPOINT WARNING * * *
Your plate armour prevents you from hitting the iguana.
The iguana is severely wounded.
The iguana bites you.
* * * LOW HITPOINT WARNING * * *
Your plate armour prevents you from hitting the iguana.
You headbutt the iguana, but do no damage.
The iguana is severely wounded.
The iguana barely misses you.
You hit the iguana.
The iguana is almost dead.
The iguana bites you.
You die...

#### #...
+#######+#######+##..#
....................#
....................#
..†....)............#
†#######+#######'##....
..## #l@.# . ...##
#.....# ....# #....(..#
....# #.?.....# ....#
#...(...# ...###
###....(## ..##.##
##.##...##
###...#####...######
......)..........).#...


You could see an iguana.

Vanquished Creatures
  A scorpion (D:2)
  3 adders (D:2)
  A worm (D:2)
  A leopard gecko (D:1)
  4 bats
  5 giant cockroaches
  4 goblins
  3 hobgoblins
  2 jackals (D:1)
  2 frilled lizards (D:2)
  4 kobolds
  6 rats (D:1)
36 creatures vanquished.

Notes
Turn   | Place    | Note
-------+----------+-------------------------------------------
     0 | D:1      | JOKERXD40 the Minotaur Berserker began the quest for the
                  | Orb.
     0 | D:1      | Reached XP level 1. HP: 19/19 MP: 0/0
   136 | D:1      | Reached XP level 2. HP: 27/27 MP: 1/1
   185 | D:1      | Reached skill level 4 in Axes
   697 | D:2      | Reached XP level 3. HP: 31/33 MP: 2/2
   736 | D:2      | Noticed a scorpion
   742 | D:2      | Killed a scorpion
   742 | D:2      | Reached XP level 4. HP: 41/41 MP: 3/3
   758 | D:2      | Reached skill level 5 in Axes
   912 | D:2      | Reached ** piety under Trog
   945 | D:2      | Slain by an iguana

Skill      XL: |  1  2  3  4 |
---------------+-------------+-----
Fighting       | 4 |  4.8
Axes           | 4 5 |  5.1
Armour         | 3 |  3.1
Throwing       | |  0.3
Dodging        | |  2.6

Action                   |  1- 3 |  4- 6 || total
-------------------------+-------+-------++-------
Melee: Hand axe          |    38 |    33 ||    71
       Headbutt          |     3 |     7 ||    10
Throw: Stone             |    12 |    22 ||    34
Invok: Berserk           |     1 |       ||     1
  Use: Scroll            |     2 |       ||     2
  Eat: Chunk             |       |     1 ||     1
Armor: Leather armour    |    15 |     5 ||    20
       Animal skin       |     1 |       ||     1
       Plate armour      |       |    15 ||    15
Dodge: Dodged            |    30 |    16 ||    46
